 Dungeon Crawl Stone Soup version 0.32-a0-918-g0f22ef8 (webtiles) character file.

Game seed: 9780350167956023254

296 subdon the Trooper (level 6, -3/48 HPs)
             Began as a Coglin Berserker on Apr 9, 2024.
             Was a Believer of Trog.
             Slain by a phantom (6 damage)
             ... on level 4 of the Dungeon.
             The game lasted 00:08:57 (2218 turns).

subdon the Trooper (Coglin Berserker)               Turns: 2218, Time: 00:08:57

Health: -3/48      AC:  9    Str: 20    XL:     6   Next: 34%
Magic:  6/6        EV:  8    Int:  6    God:    Trog [**....]
Gold:   142        SH:  0    Dex: 13    Spells: 5/5 levels left

rFire   . . .        s - +1 whip (freeze) {Ishpreet}
rCold   . . .        f - +0 whip (venom) {Chaewon}
rNeg    . . .        p - +0 chain mail
rPois   .            (no helmet)
rElec   .            (no cloak)
rCorr   .            (no gloves)
SInv    .            (no boots)
Will    .....        (amulet unavailable) Stlth
                     (ring unavailable)
HPRegen 0.28/turn    (ring unavailable)
MPRegen 0.10/turn    (no gizmo)

%: no passive effects
@: revved
A: off-hand wielding, slow wielding, warmup strikes, no jewellery, mutation
resistance 1
a: Invent Gizmo, Renounce Religion, Berserk, Trog's Hand


You were on level 4 of the Dungeon.
You worshipped Trog.
Trog was pleased with you.
You visited 1 branch of the dungeon, and saw 4 of its levels.

You collected 142 gold pieces.

Inventory:

Hand Weapons
 a - a +0 mace {Lisbeth}
 c - a +0 dagger {Salvador}
 f - a +0 whip of venom (offhand) {Chaewon}
 s - a +1 whip of freezing (weapon) {Ishpreet}
Armour
 b - a +0 animal skin
 p - a +0 chain mail (worn)
Wands
 e - a wand of quicksilver (11)
Scrolls
 d - 2 scrolls of identify
 g - a scroll of torment
 o - 2 scrolls of fog
Potions
 h - a potion of degeneration
 l - 2 potions of enlightenment
 n - a potion of curing
 q - a potion of haste


   Skills:
 + Level 4.3 Fighting
 + Level 3.8 Maces & Flails
 + Level 3.3 Armour
 + Level 3.2 Dodging


You had 5 spell levels left.
You didn't know any spells.
Your spell library was empty.

Dungeon Overview and Level Annotations

Branches:
Dungeon (4/15)
 Temple: D:4-7

Altars:
Fedhas
Trog

Annotations:
D:4 Grinder


Innate Abilities, Weirdness & Mutations

You can wield a second weapon in your off-hand.
It takes a long time for you to wield or remove held weapons.
Your first few attacks do less damage.
You cannot equip rings or amulets.
You are somewhat resistant to further mutation.


Message History

Grinder hits you.
You writhe in agony.
The phantom hits you but does no damage.
You barely miss the phantom with your +1 whip of freezing.
The phantom is severely damaged.
You barely miss the phantom with your +0 whip of venom.
Grinder gestures at you. You resist with significant effort.
The phantom hits you.
The phantom blinks!
You blink.
Grinder hits you but does no damage. Grinder gestures at you.
You resist with significant effort. The phantom attacks as it pursues you!
The phantom hits you but does no damage.
You hit the phantom but do no damage.
The phantom is severely damaged.
You whack the phantom with your +1 whip of freezing!
Grinder hits you.
You writhe in agony.
The phantom hits you but does no damage.
You closely miss the phantom with your +0 whip of venom.
The phantom is almost destroyed.
You hit the phantom with your +1 whip of freezing.
Grinder hits you!
You writhe in agony.
* * * LOW HITPOINT WARNING * * *
You hit the phantom but do no damage.
The phantom is almost destroyed.
You barely miss the phantom with your +1 whip of freezing.
The phantom hits you but does no damage.
You barely miss the phantom with your +1 whip of freezing.
The phantom is almost destroyed.
You hit the phantom but do no damage. Grinder hits you.
* * * LOW HITPOINT WARNING * * *
You writhe in agony.
* * * LOW HITPOINT WARNING * * *
The phantom hits you.
* * * LOW HITPOINT WARNING * * *
The phantom blinks!
You blink.
Found a falchion.
You barely miss the phantom with your +0 whip of venom.
The phantom is almost destroyed.
You barely miss the phantom with your +1 whip of freezing.
The phantom hits you.
You die...

...... ......# ##
.....### .
#..#......#. ..
##.#...........
#......<......) #..
#<...##..... #..#
##........... #....
#....@##.. ...$.
##.##..W#..
.....##..........
#..#..###...###
..##............#
#......$..5...## .
...##...#†......#....
$ ##.###§§.......#
.[. #...##.....#


You could see Grinder and a phantom.

Vanquished Creatures
  A black bear (D:3)
  An orc priest (D:3)
  2 orc wizards (D:3)
  Ijyb (D:3)
  2 adders (D:2)
  2 dart slugs
  A ribbon worm (D:3)
  11 orcs (D:3)
  5 bats
  4 endoplasms
  5 giant cockroaches
  4 goblins
  8 hobgoblins
  3 jackals (D:3)
  2 quokkas (D:2)
  3 ball pythons
  3 frilled lizards
  3 kobolds
  4 rats
65 creatures vanquished.

Notes
Turn   | Place    | Note
-------+----------+-------------------------------------------
     0 | D:1      | subdon the Coglin Berserker began the quest for the Orb.
     0 | D:1      | Reached XP level 1. HP: 18/18 MP: 1/1
    70 | D:1      | Reached XP level 2. HP: 21/24 MP: 2/2
   261 | D:1      | Found a faded altar of an unknown god.
   668 | D:2      | Reached XP level 3. HP: 25/29 MP: 3/3
  1190 | D:2      | Reached ** piety under Trog
  1196 | D:2      | Reached XP level 4. HP: 29/35 MP: 4/4
  1344 | D:3      | Noticed a black bear
  1357 | D:3      | Killed a black bear
  1358 | D:3      | Reached XP level 5. HP: 42/42 MP: 5/5
  1461 | D:3      | Noticed Ijyb
  1464 | D:3      | Reached skill level 4 in Fighting
  1477 | D:3      | Reached XP level 6. HP: 10/48 MP: 6/6
  1482 | D:3      | Killed Ijyb
  1489 | D:3      | Gained mutation: You are clumsy. (Dex -2) [potion of
                  | mutation]
  1489 | D:3      | Gained mutation: Your flesh is cold resistant. (rC+)
                  | [potion of mutation]
  1490 | D:3      | Lost mutation: Your flesh is cold resistant. (rC+) [potion
                  | of mutation]
  1490 | D:3      | Lost mutation: You are clumsy. (Dex -2) [potion of
                  | mutation]
  1490 | D:3      | Gained mutation: You are somewhat resistant to further
                  | mutation. [potion of mutation]
  1881 | D:3      | Found a bloodstained altar of Trog.
  1904 | D:3      | Found a blossoming altar of Fedhas.
  2197 | D:4      | Found the amulet of the Air {Inacc Air Fly rElec RMsl}
  2200 | D:4      | Noticed Grinder
  2218 | D:4      | Slain by a phantom

Illustrated notes

Levels and vault maps discovered:
D:1:      zelgadis_glass_arrival_small, layout_loops_ring,
          basic_ecumenical_altar, kennysheep_boxes
D:2:      layout_basic, dk_noncrumbling_4, minmay_fractal_squares_gapless_5
D:3:      layout_rooms, lemuel_tele_altar, fedhas_altar_fruit_tree, uniq_ijyb
D:4:      layout_cave_pools, okawaru_ov_weapons_minmay, serial_shops,
          shop_statue, uniq_grinder, uniq_edmund

Skill      XL: |  1  2  3  4  5 |
---------------+----------------+-----
Armour         | 2 3 |  3.3
Dodging        | 2 3 |  3.2
Maces & Flails | 3 |  3.8
Fighting       | 4 |  4.3

Action                     |  1- 3 |  4- 6 || total
---------------------------+-------+-------++-------
  Melee: Mace              |    77 |    17 ||    94
         Dagger            |    17 |       ||    17
         Whip              |    56 |   118 ||   174
 Invoke: Berserk           |       |     2 ||     2
         Trog's Hand       |       |     1 ||     1
    Use: Scroll            |       |    11 ||    11
         Potion            |       |     3 ||     3
 Armour: Animal skin       |    35 |       ||    35
         Chain mail        |    17 |   103 ||   120
  Dodge: Dodged            |    66 |    37 ||   103

Table legend: (Time is in decaauts)
 A = Elapsed time spent in this place.
 B = Non-inter-level travel time spent in this place.
 C = Inter-level travel time spent in this place.
 D = Time resting spent in this place.
 E = Time spent auto-exploring this place.
 F = Levels seen in this place.
 G = Mean time per level.
                   A        B        C        D        E       F      G
               +--------+--------+--------+--------+--------+-----+--------+
         Total |   2236 |   2217 |     19 |    114 |   1217 |   4 |  559.0 |
       Dungeon |   2236 |   2217 |     19 |    114 |   1217 |   4 |  559.0 |
               +--------+--------+--------+--------+--------+-----+--------+

Top non-repeatable levels by time:
     D:3: 897 daAuts
     D:2: 700 daAuts
     D:1: 607 daAuts
     D:4: 31 daAuts
